 Dungeon Crawl Stone Soup version 0.30.1-4-g462c640d31 (webtiles) character file.

Game seed: 11863396492470505035

1034 Kurtz the Cleaver (level 8, 0/41 (46) HPs)
             Began as a Tengu Fighter on Sept 18, 2023.
             Slain by a wight
             ... wielding a +0 halberd
              (7 damage)
             ... on level 6 of the Dungeon.
             The game lasted 00:04:28 (4295 turns).

Kurtz the Cleaver (Tengu Fighter)                   Turns: 4295, Time: 00:04:28

HP:   0/41 (46)     AC:  6    Str: 19    XL:     8   Next: 24%
MP:   11/12         EV: 15    Int: 14    God:
Gold: 234           SH:  5    Dex: 14    Spells: 9/11 levels left

rFire   . . .        F - +2 whip (flame)
rCold   + . .        c - +0 buckler
rNeg    . . .        b - +0 scale mail
rPois   .            (helmet restricted)
rElec   .            (no cloak)
rCorr   .            (no gloves)
SInv    .            (boots unavailable)
Will    .....        (no amulet) Stlth
                     o - ring "Erhel" {rC+ Int+6}
HPRegen 0.26/turn    x - +5 ring of evasion
MPRegen 0.13/turn

%: no passive effects
@: wereblooded, flying quickly and evasively, heavily drained, quick
A: beak, talons 3, nimble flight
a: no special abilities


You were on level 6 of the Dungeon.
You visited 1 branch of the dungeon, and saw 6 of its levels.

You collected 234 gold pieces.

Inventory:

Hand Weapons
 a - a +0 war axe
 F - a +2 whip of flaming (weapon)
Missiles
 i - 6 poisoned darts (quivered)
Armour
 b - a +0 scale mail (worn)
 c - a +0 buckler (worn)
Jewellery
 n - a ring of wizardry
 o - the ring "Erhel" (left hand) {rC+ Int+6}
   (You found it on level 2 of the Dungeon)

   [ring of protection from cold]

   Int:       It affects your intelligence (+6).
   rC:        It protects you from cold.
 x - a +5 ring of evasion (right hand)
 G - a ring of protection from cold
Wands
 D - a wand of polymorph (16)
 E - a wand of mindburst (3)
Scrolls
 d - 2 scrolls of magic mapping {unknown}
 e - 7 scrolls of identify {unknown}
 f - 3 scrolls of enchant weapon {unknown}
 h - 2 scrolls of enchant armour {unknown}
 k - 2 scrolls of noise {unknown}
 m - 2 scrolls of poison {unknown}
 r - a scroll of teleportation {unknown}
 s - 2 scrolls of fear {unknown}
 y - a scroll of amnesia {unknown}
 z - 2 scrolls of vulnerability {unknown}
 A - a scroll of fog {unknown}
 B - a scroll of blinking {unknown}
Potions
 g - 2 potions of invisibility {unknown}
 j - 4 potions of curing {unknown}
 l - a potion of flight {unknown}
 p - 3 potions of haste
 q - 2 potions of heal wounds {unknown}
 t - a potion of degeneration {unknown}
 u - 2 potions of brilliance {unknown}
 v - a potion of ambrosia {unknown}
 w - 2 potions of magic {unknown}
 C - a potion of cancellation {unknown}


   Skills:
 - Level 3.0 Fighting
 * Level 9.4 Axes
 - Level 3.2 Armour
 - Level 3.0 Shields
 * Level 2.3 Spellcasting
 * Level 2.1 Transmutations


You had 9 spell levels left.
You knew the following spells:

 Your Spells              Type           Power      Damage    Failure   Level
a - Wereblood             Tmut           7%         N/A       45%         2

Your spell library contained the following spells:

 Spells                   Type           Power      Damage    Failure   Level
 Beastly Appendage        Tmut           14%        N/A       34%         1
 Blink                    Tloc           2%         N/A       77%         2
 Lesser Beckoning         Tloc           2%         N/A       77%         2
 Momentum Strike          Conj/Tloc      2%         3d8       77%         2
 Spider Form              Tmut/Pois      4%         N/A       86%         3
 Portal Projectile        Hex/Tloc       2%         N/A       94%         3
 Tukima's Dance           Hex            1%         N/A       94%         3
 Blade Hands              Tmut           3%         N/A       100%        5


Dungeon Overview and Level Annotations

Branches:
Dungeon (6/15)
 Temple: D:4-7

Altars:
Ashenzari
Hepliaklqana
Uskayaw
Wu Jian
Xom


Innate Abilities, Weirdness & Mutations

You have a beak for a mouth.
You have claws for feet.
Your magical nature lets you fly swiftly and evasively.


Message History

The wight is lightly damaged.
The wight closely misses you.
You closely miss the wight. Your kick misses the wight.
The wight is lightly damaged.
You hit the wight but do no damage. Your kick misses the wight.
The wight is lightly damaged.
The wight barely misses you.
The orc priest mumbles some strange prayers to Beogh against you.
Pain shoots through your body!
You hit the wight. You burn the wight. You claw the wight, but do no damage.
The wight is heavily damaged.
The wight misses you. The wight barely misses you.
The orc priest hits you with a +0 club.
Unknown command.
You hit the wight. You burn the wight.
The wight is heavily damaged.
You block the wight's attack.
The wight hits you from afar with a +0 halberd!
You feel drained. The orc priest closely misses you.
You barely miss the wight.
The wight is heavily damaged.
The wight hits you with a +3 great sword.
You feel drained. The wight completely misses you.
The orc priest closely misses you.
Unknown command.
You are too injured to fight recklessly!
You are too injured to fight recklessly!
You hit the orc priest. You burn the orc priest.
The orc priest is heavily wounded.
The wight closely misses you.
The wight hits you from afar with a +0 halberd!
* * * LOW HITPOINT WARNING * * *
The orc priest misses you.
Unknown command.
You hit the orc priest. You burn the orc priest.
You feel a bit better.
You kill the orc priest!
Unknown command.
The wight closely misses you.
The wight hits you from afar with a +0 halberd!
You die...

..# #.# #.#
#.# #.# #.#
#z####
#@)z.#
####.# #.#
#.# #z# #.#
#.#
#########o#
#.o.)z....#


You could see 2 wights.

Vanquished Creatures
  Pikel (D:5)
  A centaur (D:5)
  A scorpion (D:4)
  3 wights (D:6)
  A crimson imp (D:5)
  2 hounds (D:5)
  A jelly (D:5)
  An orc priest (D:6)
  An iguana (D:5)
  3 adders
  An ufetubus (D:5)
  2 worms
  2 dart slugs
  12 orcs
  11 ball pythons
  7 bats
  8 endoplasms
  A giant cockroach (D:3)
  4 goblins
  6 hobgoblins
  5 quokkas
  3 frilled lizards
  10 kobolds
  5 rats
92 creatures vanquished.

Notes
Turn   | Place    | Note
-------+----------+-------------------------------------------
     0 | D:1      | Kurtz the Tengu Fighter began the quest for the Orb.
     0 | D:1      | Reached XP level 1. HP: 14/14 MP: 2/2
    97 | D:1      | Reached XP level 2. HP: 14/19 MP: 3/3
    99 | D:1      | Reached skill level 3 in Axes
   667 | D:2      | Reached XP level 3. HP: 23/23 MP: 4/4
   687 | D:2      | Identified the ring "Erhel" {rC+ Int+6}
   722 | D:2      | Learned a level 2 spell: Wereblood
   878 | D:2      | Identified the +7 ring mail of the Devil's Team {rN+ Str-3
                  | SInv}
  1009 | D:2      | Reached skill level 4 in Axes
  1172 | D:2      | Found a hide-covered altar of Uskayaw.
  1641 | D:3      | Identified the +10 quarterstaff of Duterghov {drain, rF+}
  1667 | D:3      | Reached XP level 4. HP: 27/28 MP: 5/5
  1794 | D:3      | Found a faded altar of an unknown god.
  2409 | D:3      | Found an ornate altar of the Wu Jian Council.
  2582 | D:4      | Noticed a scorpion
  2589 | D:4      | Killed a scorpion
  2590 | D:4      | Reached skill level 5 in Axes
  2590 | D:4      | Reached skill level 1 in Spellcasting
  2590 | D:4      | Gained mutation: Your magical nature lets you fly swiftly
                  | and evasively. [Tengu growth]
  2590 | D:4      | Reached XP level 5. HP: 21/32 MP: 7/7
  2827 | D:4      | Found a shimmering altar of Xom.
  2828 | D:4      | Found a hazy altar of Hepliaklqana.
  2829 | D:4      | Noticed a spectral ugly thing
  3154 | D:5      | Entered Level 5 of the Dungeon
  3171 | D:5      | HP: 1/32 [ufetubus (2)]
  3178 | D:5      | Reached skill level 1 in Transmutations
  3322 | D:5      | Reached skill level 6 in Axes
  3322 | D:5      | Reached XP level 6. HP: 33/37 MP: 6/8
  3462 | D:5      | Noticed Pikel
  3480 | D:5      | Killed Pikel
  3481 | D:5      | Reached skill level 8 in Axes
  3481 | D:5      | Reached XP level 7. HP: 22/41 MP: 9/11
  3787 | D:5      | Found a broken altar of Ashenzari.
  3920 | D:5      | Reached XP level 8. HP: 36/46 MP: 12/12
  4128 | D:6      | Reached skill level 9 in Axes
  4295 | D:6      | Slain by a wight

Illustrated notes

Levels and vault maps discovered:
D:1:      saegor_arrival_miasma, layout_rooms, minmay_misc_feat_roman,
          chequers_serial_rivers_small_3, minmay_misc_feat_encased,
          minmay_heptomino_l4
D:2:      layout_basic, basic_altar, chequers_decorated_corner,
          grunt_ministairs_11, minmay_split_cup_large
D:3:      layout_loops_ring, mainiacjoe_overflow_alcove_1,
          shapermc_ecumenical_altar_totnotflames, chequers_garden,
          reono_crystal_passage, minmay_misc_feat_enclosed,
          amcnicky_mini_corridor_feature, kennysheep_generic_room_6
D:4:      minmay_inner_zag, layout_rooms, regret_index_temple_of_mockery,
          chequers_serial_rivers_small_a, dreamdust_princess_corridor
D:5:      layout_rooms, mainiacjoe_overflow_tiny_flanked, serial_glass,
          glass_columns_c, glass_columns_b, kennysheep_another_room,
          nrook_mini_vaults, hangedman_decor_push, grunt_decor_fettered,
          uniq_pikel
D:6:      minmay_chambers_of_sixes, layout_loops_ring,
          grunt_temple_overflow_order_and_chaos_2, lemuel_crystal_altar,
          minmay_temple_entry_metal_lava, serial_shops,
          nicolae_shop_just_a_little_nook

Skill      XL: |  1  2  3  4  5  6  7  8 |
---------------+-------------------------+-----
Axes           | 3 4 5 6 8 9 |  9.4
Spellcasting   | 1 2 |  2.3
Transmutations | 1 2 |  2.1
Fighting       | |  3.0
Armour         | |  3.2
Shields        | |  3.0

Action                     |  1- 3 |  4- 6 |  7- 9 || total
---------------------------+-------+-------+-------++-------
  Melee: War axe           |    81 |    84 |     1 ||   166
         Kick              |    21 |    24 |    16 ||    61
         Peck              |     3 |    11 |    11 ||    25
         Whip              |       |       |    67 ||    67
         Unarmed           |       |       |     1 ||     1
   Cast: Wereblood         |       |     2 |     3 ||     5
  Evoke: Wand              |       |     4 |       ||     4
    Use: Potion            |       |     1 |       ||     1
 Armour: Scale mail        |    32 |    29 |     9 ||    70
         Skin              |       |       |     1 ||     1
  Dodge: Dodged            |    34 |    63 |    46 ||   143
  Block: Buckler           |    14 |    19 |    17 ||    50
